 Dungeon Crawl Stone Soup version 0.31-a0-1009-g454b1f1e0a (webtiles) character file.

Game seed: 1484252955167841673

7532 senseless the Covert (level 11, -6/66 HPs)
             Began as an Octopode Conjurer on Nov 15, 2023.
             Was an Elder of Vehumet.
             Mangled by a yak (10 damage)
             ... on level 9 of the Dungeon.
             The game lasted 00:41:02 (9135 turns).

senseless the Covert (Octopode Conjurer)            Turns: 9135, Time: 00:41:04

Health: -6/66      AC:  5    Str: 12    XL:     11   Next: 16%
Magic:  12/22      EV: 20    Int: 25    God:    Vehumet [****..]
Gold:   99         SH:  0    Dex: 11    Spells: 3/25 levels left

rFire   . . .        w - +9 falchion (holy)
rCold   . . .        (no shield)
rNeg    . . .        (helmet restricted)
rPois   .            d - amulet of magic regeneration
rElec   .            j - ring of wizardry
rCorr   .            p - ring of flight
SInv    .            v - +6 ring of strength
Will    .....        x - +4 ring of protection
Stlth   +++++        m - +5 ring of evasion
HPRegen 0.31/turn    (no ring)
MPRegen 0.58/turn    (no ring)
                     (no ring)

%: wizardry (x1)
@: marked, flying
A: almost no armour, amphibious, 8 rings, camouflage 1, gelatinous body 1,
(nimble swimmer 1), tentacles
a: Renounce Religion


You were on level 9 of the Dungeon.
You worshipped Vehumet.
Vehumet was greatly pleased with you.
You visited 1 branch of the dungeon, and saw 9 of its levels.
You also visited: Ossuary.

You collected 462 gold pieces.
You spent 363 gold pieces at shops.

Inventory:

Hand Weapons
 l - a +0 dagger of electrocution
 w - a +9 falchion of holy wrath (weapon)
Missiles
 h - 5 javelins
 y - 3 throwing nets
Armour
 D - a +0 buckler
Jewellery
 d - an amulet of magic regeneration (around mantle)
 j - a ring of wizardry (left tentacle)
 m - a +5 ring of evasion (on tentacle)
 p - a ring of flight (right tentacle)
 v - a +6 ring of strength (on tentacle)
 x - a +4 ring of protection (on tentacle)
Wands
 b - a wand of charming (10)
 A - a wand of flame (17)
 J - a wand of polymorph (13)
Scrolls
 g - 2 scrolls of immolation
 i - 2 scrolls of silence
 q - 4 scrolls of vulnerability
 t - 4 scrolls of teleportation
 E - a scroll of fear
Potions
 a - 2 potions of magic
 c - 2 potions of enlightenment
 e - 3 potions of curing
 f - 2 potions of ambrosia
 k - 3 potions of invisibility
 n - 3 potions of mutation
 o - a potion of cancellation
 s - 4 potions of might
 u - 3 potions of lignification
 z - 3 potions of attraction
 B - a potion of brilliance
 C - a potion of berserk rage {unknown}
 F - 3 potions of resistance
 H - a potion of degeneration {unknown}
 I - a potion of haste {unknown}


   Skills:
 + Level 2.7 Fighting
 + Level 2.7 Long Blades
 * Level 7.3 Dodging
 + Level 8.9 Stealth
 * Level 7.9 Spellcasting
 * Level 8.2 Conjurations
 + Level 3.7 Hexes
 + Level 3.4 Translocations
 + Level 2.1 Fire Magic
 + Level 3.5 Ice Magic
 + Level 3.5 Air Magic


You had 3 spell levels left.
You knew the following spells:

 Your Spells              Type           Power      Damage    Failure   Level
a - Magic Dart            Conj           100%       1d8       1%          1
b - Searing Ray           Conj           100%       2d8       1%          2
c - Dazzling Flash        Conj/Hex       78%        N/A       1%          3
d - Fulminant Prism       Conj/Hex       19%        3d10      1%          4
e - Iskenderun's Mystic   Conj/Tloc      39%        2d9       1%          4
f - Shock                 Conj/Air       100%       1d9       1%          1
g - Hailstorm             Conj/Ice       39%        3d9       1%          3
h - Flame Wave            Conj/Fire      35%        2d10      1%          4

Your spell library contained the following spells:

 Spells                   Type           Power      Damage    Failure   Level
 Volatile Blastmotes      Fire/Tloc      46%        2d13      1%          3
 Freeze                   Ice            100%       1d10      1%          1
 Ensorcelled Hibernation  Hex/Ice        56%        N/A       1%          2
 Jinxbite                 Hex            56%        N/A       1%          2
 Poisonous Vapours        Pois/Air       36%        N/A       1%          2
 Frozen Ramparts          Ice            54%        1d9       1%          3
 Inner Flame              Hex/Fire       24%        N/A       1%          3
 Sting                    Tmut/Pois      36%        1d4       2%          1
 Sticky Flame             Conj/Fire      35%        2d5       1%          4
 Olgreb's Toxic Radiance  Pois           9%         N/A       7%          4
 Anguish                  Hex/Necr       9%         N/A       12%         4


Dungeon Overview and Level Annotations

Branches:
Dungeon (9/15)             Temple (0/1) D:5            Lair (0/5) D:9
Ossuary (visited)
    Orc: D:9-12

Altars:
Cheibriados
Makhleb
Nemelex Xobeh
Okawaru
Sif Muna
Vehumet
Xom
Zin
The Shining One

Shops:
D:4 *   D:6 =?   D:7 *

Annotations:
D:4 1 runed translucent door, rocker's ghost, amateur DsFi
D:7 1 runed translucent door, Maratek's ghost, novice DsFi


Innate Abilities, Weirdness & Mutations

You cannot wear most types of armour.
You are amphibious.
You can wear up to eight rings at the same time.
Your skin changes colour to match your surroundings (Stealth+).
Your rubbery body absorbs attacks. (AC +1, EV +1)
((You are camouflaged when in or above water. (Stealth+)))
You have tentacles for arms and can constrict up to eight enemies at once.


Message History

Casting: Flame Wave (dangerous; 1% risk of failure)
Press: ? - help, Dir - look around, f - activate A wave of flame ripples out!
The flame wave engulfs the yak.
The yak is severely wounded. (Press . to intensify the flame waves.)
The yak gores you!
A wave of flame ripples out!
The flame wave engulfs the yak!
The yak is almost dead.
The flame wave engulfs the yak.
The yak is lightly wounded.
A wave of flame ripples out!
The flame wave engulfs the yak!
You kill the yak!
Vehumet accepts your kill.
You feel your power returning.
The flame wave engulfs the yak!
The yak is moderately wounded.
The flame wave engulfs the yak.
The yak is lightly wounded.
A wave of flame ripples out!
The flame wave engulfs the yak!
The yak is heavily wounded.
You finish channelling waves of flame.
The yak gores you but does no damage.
Casting: Flame Wave (dangerous; 1% risk of failure)
Confirm with . or Enter, or press ? or * to list all spells.
Casting: Flame Wave (dangerous; 1% risk of failure)
Press: ? - help, Dir - look around, f - activate A wave of flame ripples out!
The flame wave engulfs the yak!
The yak is severely wounded.
The flame wave engulfs the yak but does no damage.
The yak is moderately wounded. (Press . to intensify the flame waves.)
The yak gores you!
* * * LOW HITPOINT WARNING * * *
The yak misses you.
A wave of flame ripples out!
The flame wave engulfs the yak.
The yak is almost dead.
The flame wave engulfs the yak!
The yak is severely wounded.
The yak gores you!
* * * LOW HITPOINT WARNING * * *
The yak gores you!
You die...

..### ..##....
..Y.. #..#...
.....##....#
....#.#.#
##...).##
#.......##
.....#..#...##
##. ##Y#....#
#@Y#..### .
##....# .....
#.#####.....#
.z..#
............#
....#
...........##
...#
............#
...#
.##.#......##
...###
#####.....#
.....#
..#.#.......#


You could see 2 yaks.

Vanquished Creatures
  Harold (D:9)
  Pikel (D:8)
  Maurice (D:8)
  2 hornets
  Grinder (D:3)
  8 yaks
  Eustachio (D:4)
  5 water moccasins
  2 orc warriors
  A sky beast (D:7)
  2 ice beasts
  3 centaurs
  A phantom (D:7)
  4 lemures (D:8)
  A kobold brigand (D:5)
  A bullfrog (D:8)
  7 wights
  5 water moccasin zombies (Ossuary)
  4 scorpions
  16 killer bees
  A howler monkey (D:5)
  A crimson imp (D:6)
  4 hounds
  2 jellies
  9 orc priests
  A gnoll bouda (D:8)
  2 sleepcaps
  3 iguanas
  9 orc wizards
  2 mummies (Ossuary)
  8 gnolls
  7 adders
  2 white imps
  4 ufetubi
  6 adder zombies (Ossuary)
  4 worms
  5 dart slugs
  27 orcs
  6 endoplasms
  3 giant cockroaches
  4 gnoll zombies (Ossuary)
  A goblin (D:2)
  6 hobgoblins
  14 kobolds
  2 quokkas (D:2)
  9 ball pythons
  4 bats
  A frilled lizard (D:2)
  5 hobgoblin zombies (Ossuary)
  5 kobold zombies (Ossuary)
  4 orc zombies (Ossuary)
  6 rats
234 creatures vanquished.

Notes
Turn   | Place    | Note
-------+----------+-------------------------------------------
     0 | D:1      | senseless the Octopode Conjurer began the quest for the
                  | Orb.
     0 | D:1      | Reached XP level 1. HP: 11/11 MP: 3/3
   269 | D:1      | Reached XP level 2. HP: 17/17 MP: 3/5
   272 | D:1      | Learned a level 2 spell: Searing Ray
   951 | D:2      | Reached XP level 3. HP: 21/21 MP: 1/6
  1289 | D:2      | Reached XP level 4. HP: 27/27 MP: 2/8
  1767 | D:2      | Reached XP level 5. HP: 30/31 MP: 3/9
  1991 | D:3      | Found a radiant altar of Vehumet.
  1992 | D:3      | Found a snail-covered altar of Cheibriados.
  2007 | D:3      | Became a worshipper of Vehumet
  2211 | D:3      | Noticed Grinder
  2216 | D:3      | Paralysed by Grinder for 2 turns
  2224 | D:3      | Paralysed by Grinder for 4 turns
  2233 | D:3      | Killed Grinder
  2234 | D:3      | Reached XP level 6. HP: 36/36 MP: 0/12
  2587 | D:3      | Reached skill level 5 in Stealth
  2937 | D:4      | Noticed Eustachio
  2945 | D:4      | Killed Eustachio
  2946 | D:4      | Reached skill level 5 in Conjurations
  2946 | D:4      | Reached XP level 7. HP: 23/41 MP: 3/13
  3363 | D:4      | Found a runed translucent door.
  3364 | D:4      | Noticed rocker's ghost (amateur DsFi)
  3588 | D:4      | Learned a level 3 spell: Dazzling Flash
  3743 | D:4      | Learned a level 4 spell: Fulminant Prism
  3748 | D:4      | Learned a level 4 spell: Iskenderun's Mystic Blast
  3758 | D:4      | Found Xanuq's Overcharged Wands.
  3771 | D:4      | Reached * piety under Vehumet
  3771 | D:4      | Offered knowledge of Shock by Vehumet.
  4114 | D:5      | Entered Level 5 of the Dungeon
  4128 | D:5      | Reached skill level 5 in Spellcasting
  4327 | D:5      | Reached XP level 8. HP: 46/46 MP: 10/15
  4667 | D:5      | Found a staircase to the Ecumenical Temple.
  4761 | D:5      | Found a glowing silver altar of Zin.
  4997 | D:5      | Found an iron altar of Okawaru.
  5055 | D:5      | Learned a level 1 spell: Shock
  5059 | D:5      | Learned a level 3 spell: Hailstorm
  5089 | D:5      | Found a glowing golden altar of the Shining One.
  5595 | D:6      | Reached skill level 5 in Dodging
  5689 | D:6      | Found Alethaf's Magic Scroll Boutique.
  5693 | D:6      | Bought a scroll of enchant weapon for 90 gold pieces
  5693 | D:6      | Bought a scroll of enchant weapon for 90 gold pieces
  5693 | D:6      | Bought a scroll of identify for 24 gold pieces
  5693 | D:6      | Bought a scroll of teleportation for 36 gold pieces
  5693 | D:6      | Bought a scroll of teleportation for 36 gold pieces
  5758 | D:6      | Reached skill level 1 in Hexes
  5758 | D:6      | Reached skill level 1 in Ice Magic
  5758 | D:6      | Reached skill level 1 in Air Magic
  5784 | D:6      | Reached skill level 1 in Translocations
  5917 | D:6      | Found Awneab's Jewellery Shoppe.
  5964 | D:6      | Found a shimmering altar of Xom.
  5965 | D:6      | Found a burning altar of Makhleb.
  6041 | D:7      | Reached XP level 9. HP: 51/51 MP: 18/18
  6048 | D:7      | Offered knowledge of Sandblast by Vehumet.
  6050 | D:7      | Reached ** piety under Vehumet
  6411 | D:7      | Found a sand-covered staircase.
  6416 | D:7      | Found Erriff's Assorted Antiques.
  6422 | Ossuary  | Entered an ossuary
  6478 | Ossuary  | Offered knowledge of Mephitic Cloud by Vehumet.
  6583 | Ossuary  | Reached *** piety under Vehumet
  6652 | D:7      | Bought a purple potion for 27 gold pieces
  6716 | D:7      | Found a runed translucent door.
  6716 | D:7      | Noticed Maratek's ghost (novice DsFi)
  7323 | D:8      | Offered knowledge of Flame Wave by Vehumet.
  7519 | D:7      | Bought a scroll of identify for 60 gold pieces
  7654 | D:8      | Reached XP level 10. HP: 47/57 MP: 20/20
  7659 | D:8      | Reached skill level 1 in Fighting
  7752 | D:8      | Reached skill level 1 in Long Blades
  7790 | D:8      | Learned a level 4 spell: Flame Wave
  7805 | D:8      | Noticed Pikel
  7806 | D:8      | Noticed Maurice
  7817 | D:8      | Killed Pikel
  7840 | D:8      | Killed Maurice
  7967 | D:8      | Reached **** piety under Vehumet
  7970 | D:8      | Reached skill level 1 in Fire Magic
  8080 | D:8      | Offered knowledge of Volatile Blastmotes by Vehumet.
  8444 | D:9      | Identified the of Quoshaet
  8504 | D:9      | Paralysed by a hornet for 2 turns
  8726 | D:9      | Found a staircase to the Lair.
  8818 | D:9      | Reached XP level 11. HP: 54/65 MP: 18/22
  8845 | D:9      | Found a shimmering blue altar of Sif Muna.
  9052 | D:9      | Found a sparkling altar of Nemelex Xobeh.
  9082 | D:9      | Noticed Harold
  9097 | D:9      | Killed Harold
  9135 | D:9      | Mangled by a yak

Illustrated notes

Levels and vault maps discovered:
D:1:      dpeg_arrival_castle, layout_basic, kennysheep_decorative_pillar
D:2:      layout_basic, minmay_misc_feat_cross, st_stairs_10,
          serial_bayou_lake_a
D:3:      layout_loops_ring, nicolae_overflow_two_pavilions, uniq_grinder
D:4:      layout_loops_cross, ebering_ghost_reflecting_pool,
          minmay_misc_feat_tower, nicolae_shop_overcharged_wands, uniq_eustachio
D:5:      layout_gridville, okawaru_trees_1, mainiacjoe_overflow_tiny_flanked,
          mainiacjoe_overflow_six_doors_small,
          minmay_temple_entry_drinking_statues, minivault_26,
          chequers_serial_rivers_micro_c
D:6:      layout_basic, grunt_temple_overflow_champion_of_chaos, serial_shops,
          shop, shop
D:7:      layout_gridville, nicolae_ossuary_entry_monument, serial_shops,
          nicolae_shop_statue_plus, hellmonk_ghost_happy_afterlife
D:8:      layout_loops_cross, serial_aquarium, aquarium_bridge_long_joined
          [aquarium_subvault_wall, aquarium_subvault_bridge,
          aquarium_subvault_bridge, aquarium_subvault_balcony,
          aquarium_subvault_bridge, aquarium_subvault_bridge],
          aquarium_window_corner, aquarium_window_1, aquarium_window_fake,
          aquarium_view_2d, aquarium_view_2f, aquarium_balcony_1b, uniq_maurice,
          uniq_pikel
D:9:      layout_cave_pools, pdpol_wu_jian_five_deadly_venoms, led_sif_book,
          lair_entry_dummy, serial_park, serial_park_square1
          [serial_park_minivault_5x5_6], serial_park_tiny_1, serial_park_gazebo
          [serial_park_minivault_5x5_2], serial_park_square2, uniq_harold

Skill      XL: |  1  2  3  4  5  6  7  8  9 10 11 |
---------------+----------------------------------+-----
Stealth        | 3 4 5 6 7 8 |  8.9
Spellcasting   | 3 4 5 6 7 |  7.9
Dodging        | 3 4 5 6 7 |  7.3
Conjurations   | 5 6 7 8 |  8.2
Hexes          | 1 2 3 |  3.7
Ice Magic      | 1 2 3 |  3.5
Air Magic      | 1 2 3 |  3.5
Translocations | 1 2 3 |  3.4
Fighting       | 2 |  2.7
Long Blades    | 2 |  2.7
Fire Magic     | 1 2 |  2.1

Action                     |  1- 3 |  4- 6 |  7- 9 | 10-12 || total
---------------------------+-------+-------+-------+-------++-------
  Melee: Unarmed           |    10 |       |       |       ||    10
         Constrict         |     6 |     6 |    25 |     7 ||    44
         Tentacles         |     5 |     3 |    27 |     8 ||    43
         Short sword       |    12 |       |       |       ||    12
         Dagger            |    16 |    13 |     3 |       ||    32
         Falchion          |       |       |   143 |    32 ||   175
         Punch             |       |       |     1 |       ||     1
   Cast: Magic Dart        |    49 |    63 |   196 |    73 ||   381
         Searing Ray       |       |     4 |    18 |    21 ||    43
         Flame Wave        |       |       |       |     9 ||     9
    Use: Scroll            |       |       |    25 |     3 ||    28
         Potion            |       |       |       |     2 ||     2
   Stab: Sleeping          |     4 |       |     4 |       ||     8
 Armour: Skin              |    15 |    11 |    78 |    53 ||   157
  Dodge: Dodged            |    27 |     9 |   158 |   125 ||   319

Table legend: (Time is in decaauts)
 A = Elapsed time spent in this place.
 B = Non-inter-level travel time spent in this place.
 C = Inter-level travel time spent in this place.
 D = Time resting spent in this place.
 E = Time spent auto-exploring this place.
 F = Levels seen in this place.
 G = Mean time per level.
                   A        B        C        D        E       F      G
               +--------+--------+--------+--------+--------+-----+--------+
         Total |   9184 |   8949 |    235 |    667 |   6772 |  10 |  918.4 |
       Dungeon |   8950 |   8715 |    235 |    667 |   6633 |   9 |  994.4 |
       Ossuary |    234 |    234 |      0 |      0 |    139 |   1 |  234.0 |
               +--------+--------+--------+--------+--------+-----+--------+

Top non-repeatable levels by time:
     D:4: 1360 daAuts
     D:8: 1243 daAuts
     D:2: 1169 daAuts
     D:7: 1110 daAuts
     D:5: 1100 daAuts
     D:3: 862 daAuts
     D:1: 799 daAuts
     D:6: 742 daAuts
     D:9: 560 daAuts
 Ossuary: 234 daAuts
